 Dungeon Crawl Stone Soup version 0.14-a0-1097-gc7db7fc (webtiles) character file.

496 4tharraofdagon the Chopper (level 6, -3/53 HPs)
             Began as a Lava Orc Fighter on Nov 28, 2013.
             Was a Follower of Makhleb.
             Slain by a gnoll
             ... wielding a +0,+0 spear
              (8 damage)
             ... on Level 5 of the Dungeon.
             The game lasted 00:04:44 (1073 turns).

4tharraofdagon the Chopper (Lava Orc Fighter)       Turns: 1073, Time: 00:04:44

HP  -3/53        AC  8     Str 21      XL: 6   Next: 65%
MP   7/7         EV  3     Int  8      God: Makhleb [*.....]
Gold 68          SH  0     Dex 10      Spells:  0 memorised,  5 levels left

rFire  + + +     SeeInvis .     a - +0 orc hand axe (curse)
rCold  x . .     Clarity  .     b - +0 orc scale mail (curse)
rNeg   . . .     Conserve .     c - +0 orc shield (curse)
rPois  +         rCorr    .     (no helmet)
rElec  .         rRot     .     l - +0 cloak (curse)
SustAb . .       Spirit   .     (no gloves)
rMut   .         Warding  .     (no boots)
Saprov + . .     Stasis   .     (no amulet)
                                o - ring of protection from magic {unknown}
                                m - cursed ring of poison resistance {unknown}

@: held, somewhat resistant to hostile enchantments, extremely unstealthy
A: conserve scrolls, saprovore 1
a: Renounce Religion


You were on level 5 of the Dungeon.
You worshipped Makhleb.
Makhleb was aware of your devotion.
You were hungry.

You visited 1 branch of the dungeon, and saw 5 of its levels.
You also visited: Ossuary.

You collected 68 gold pieces.

Inventory:

Hand weapons
 a - a cursed +0,+0 orcish hand axe (weapon)
 r - a +1,+0 dwarven hand axe
Missiles
 f - 3 poisoned tomahawks (quivered)
Armour
 b - a cursed +0 orcish scale mail (worn)
 c - a cursed +0 orcish shield (worn)
 l - a cursed +0 cloak (worn)
 s - a +0 orcish scale mail
Magical devices
 g - a wand of digging (3)
Comestibles
 d - 3 meat rations
 h - 2 apples
 n - a bread ration
 p - a pear
Scrolls
 e - a scroll of remove curse {unknown}
 i - a scroll of curse weapon {unknown}
 j - 2 scrolls of identify {unknown}
 k - a scroll of teleportation {unknown}
 q - a scroll of random uselessness {unknown}
Jewellery
 m - a cursed ring of poison resistance (left hand) {unknown}
 o - a ring of protection from magic (right hand) {unknown}


   Skills:
 + Level 5.2 Fighting
 * Level 6.0 Axes
 + Level 4.5 Armour
 - Level 3.2 Shields
 + Level 2.8 Evocations


You had 5 spell levels left.
You didn't know any spells.

Dungeon Overview and Level Annotations

Branches:
Dungeon (5/16)
 Temple: D:4-7

Altars:
Makhleb
the Shining One


Innate Abilities, Weirdness & Mutations

You have stony skin.
Your flesh is almost immune to the effects of heat.
Your fire spells are more powerful.
Your flesh is vulnerable to cold.
Your heat harms attackers.
You bathe your surroundings in blazing heat.
You are too hot to use scrolls.
You are very good at protecting items from fire.
You can tolerate rotten meat.


Message History

The worm appears unharmed.
The centaur is burned by your radiant heat.
The centaur is severely wounded.
The centaur hits you!
* * * LOW HITPOINT WARNING * * *
The centaur appears unharmed.
Read which item? (? for menu, Esc to quit)
Okay, then.
You struggle against the net.
The gnoll hits you but does no damage.
The centaur is burned by your radiant heat.
The centaur is almost dead.
The centaur hits you.
* * * LOW HITPOINT WARNING * * *
The centaur is singed by your heat.
You kill the centaur!
Makhleb accepts your kill.
Your Axes skill increases to level 6!
The gnoll hits you but does no damage.
The gnoll hits you from afar with a spear!
You die...

##..................# #g§........
#.......####........###..........
...(...##..##......5.............
.......#....#.....g..............
...)))##.⌠._#....................
#....<#.....#...g5..###..........
##....#....##...gg.(# #.........
##...'...8#.....gg(###.(....
##..#....##...@)(....!....
##.#.....#....w......###
####.⌠._#..<........#
#....#...........#
##..##.............
####............. ..............
............ ..........


You could see a worm, 6 gnolls and 2 crimson imps.

Vanquished Creatures
  A centaur (D:5)
  A giant frog zombie (Ossuary)
  An iguana (D:5)
  An orc wizard (D:5)
  A scorpion (D:5)
  A black bear skeleton (D:4)
  A worker ant (D:5)
  A killer bee zombie (Ossuary)
  Jessica (D:2)
  5 mummies
  3 adders
  2 gnolls (D:5)
  A worm zombie (Ossuary)
  7 orcs (D:5)
  2 bats
  4 goblins
  3 hobgoblins
  6 jackals (D:3)
  A kobold (D:2)
  A quokka (D:2)
  A giant newt zombie (Ossuary)
  2 goblin zombies (Ossuary)
  A hobgoblin zombie (Ossuary)
  A kobold zombie (Ossuary)
49 creatures vanquished.

Notes
Turn   | Place    | Note
--------------------------------------------------------------
     0 | D:1      | 4tharraofdagon, the Lava Orc Fighter, began the quest for the Orb.
     0 | D:1      | Reached XP level 1. HP: 19/19 MP: 0/0
   100 | D:2      | Noticed Jessica
   113 | D:2      | Reached XP level 2. HP: 15/26 MP: 1/1
   114 | D:2      | Killed Jessica
   114 | D:2      | Reached skill level 4 in Fighting
   114 | D:2      | Reached XP level 3. HP: 18/33 MP: 2/2
   478 | D:4      | Reached skill level 1 in Evocations
   478 | D:4      | Reached XP level 4. HP: 40/40 MP: 3/3
   510 | D:5      | Entered Level 5 of the Dungeon
   521 | D:5      | Found a burning altar of Makhleb.
   522 | D:5      | Found a glowing golden altar of the Shining One.
   528 | D:5      | Became a worshipper of Makhleb the Destroyer
   562 | D:5      | Found a sand-covered staircase.
   609 | Ossuary  | Entered an ossuary
   652 | Ossuary  | Reached XP level 5. HP: 32/46 MP: 3/5
   664 | Ossuary  | Reached skill level 5 in Axes
   709 | Ossuary  | HP: 1/46 [mummy (7)]
   991 | D:5      | Reached skill level 5 in Fighting
   991 | D:5      | Reached XP level 6. HP: 32/53 MP: 7/7
  1014 | D:5      | Acquired Makhleb's first power
  1065 | D:5      | Noticed a centaur
  1073 | D:5      | Killed a centaur
  1073 | D:5      | Reached skill level 6 in Axes
  1073 | D:5      | Slain by a gnoll

Action                   |  1- 3 |  4- 6 || total
-------------------------+-------+-------++-------
Melee: Hand axe          |    87 |    71 ||   158
  Use: Potion            |     1 |     1 ||     2
